 Dungeon Crawl Stone Soup version 0.22-a0-396-g3f858e37d3 (webtiles) character file.

399 PavukDmytro the Changer (level 6, -4/43 HPs)
             Began as a Merfolk Transmuter on May 4, 2018.
             Slain by a killer bee (10 damage)
             ... on level 4 of the Dungeon.
             The game lasted 00:22:33 (4482 turns).

PavukDmytro the Changer (Merfolk Transmuter)        Turns: 4482, Time: 00:22:33

Health: -4/43      AC:  2    Str: 10    XL:     6   Next: 84%
Magic:  8/13       EV: 21    Int: 12    God:
Gold:   216        SH:  0    Dex: 22    Spells: 4/15 levels left

rFire    + . .     SeeInvis .     - Unarmed
rCold    + . .     Gourm    .   (shield currently unavailable)
rNeg     . . .     Faith    .   (armour currently unavailable)
rPois    .         Spirit   .   (helmet currently unavailable)
rElec    +         Reflect  .   (cloak currently unavailable)
rCorr    +         Harm     .   (gloves currently unavailable)
MR       .....                  (boots currently unavailable)
Stlth    ++........             (no amulet)
HPRegen  0.14/turn              (no ring)
MPRegen  0.13/turn              (no ring)

@: lethally poisoned (-4 -> -21), spider-form, resistant, very slightly
contaminated
A: tiny, (change form in water), (swift swim), (stealthy swim)
a: End Transformation


You were on level 4 of the Dungeon.
You were not hungry.
You were a venomous arachnid creature.
You visited 1 branch of the dungeon, and saw 4 of its levels.

You collected 216 gold pieces.

Inventory:

Missiles
 a - 36 arrows
Armour
 b - a +0 robe (melded)
 k - a +0 helmet
Scrolls
 c - 2 scrolls of identify
 e - a scroll of teleportation
 h - a scroll of remove curse {unknown}
 l - a scroll of enchant armour {unknown}
Potions
 i - a potion of flight
 j - 3 potions of haste
 m - a potion of brilliance


   Skills:
 - Level 1.1 Fighting
 - Level 2.6 Dodging
 - Level 0.1 Stealth
 * Level 4.3 Unarmed Combat
 - Level 5.0 Spellcasting
 - Level 5.3 Transmutations
 - Level 0.5 Poison Magic


You had 4 spell levels left.
You knew the following spells:

 Your Spells              Type           Power        Failure   Level  Hunger
a - Beastly Appendage     Tmut           ###...       9%          1    None
b - Spider Form           Tmut/Pois      ##........   38%         3    ###....
c - Sticks to Snakes      Tmut           ###.....     11%         2    ##.....
d - Blade Hands           Tmut           ###.......   73%         5    ######.


Dungeon Overview and Level Annotations

Branches:
Dungeon (4/15)
 Temple: D:4-7

Altars:
Hepliaklqana
The Shining One

Annotations:
D:4 Laan's ghost, amateur NaFE


Message History

You feel sick. The killer bee closely misses you. The killer bee misses you.
The killer bee stings you.
You are lethally poisoned!
The killer bee poisons you! The killer bee closely misses you.
You miss the killer bee.
The killer bee is moderately wounded.
You feel sick. The killer bee stings you!
* * * LOW HITPOINT WARNING * * *
The killer bee misses you. The killer bee barely misses you.
You feel protected.
* * * LOW HITPOINT WARNING * * *
You feel sick.
You kill the killer bee!
Your Unarmed Combat skill increases to level 4!
The killer bee completely misses you. The killer bee closely misses you.
You hit the killer bee.
The killer bee is poisoned.
The killer bee is moderately wounded.
* * * LOW HITPOINT WARNING * * *
You feel sick. The killer bee closely misses you. The killer bee stings you!
You die...

#############################
.........##.................#
#######....#.##############.####
#..#.###..ys# #....##
#.......###y####### ####...
#.#...#....o....... ####
#.####.##.#.###.... #.#
#.##.#.###..o. #.#
#.#......y.... #.#
#.#...?...y... ...
#............o .......#.###....


You could see 2 killer bees and an orc.

Vanquished Creatures
  A scorpion (D:4)
  2 killer bees (D:4)
  2 orc priests (D:3)
  2 orc wizards (D:3)
  The ghost of tmwh the Insei, a weakling MfTm (D:3)
  2 adders
  An ooze (D:1)
  2 worms
  2 dart slugs
  4 leopard geckos
  20 orcs
  2 giant cockroaches
  7 goblins
  10 hobgoblins
  4 jackals (D:2)
  2 quokkas (D:3)
  4 bats
  5 frilled lizards
  5 kobolds
  A quokka skeleton (D:4)
  6 rats
85 creatures vanquished.

Notes
Turn   | Place    | Note
-------+----------+-------------------------------------------
     0 | D:1      | PavukDmytro the Merfolk Transmuter began the quest for the Orb.
     0 | D:1      | Reached XP level 1. HP: 15/15 MP: 3/3
   109 | D:1      | Reached XP level 2. HP: 13/21 MP: 3/5
   906 | D:1      | HP: 1/21 [hobgoblin (2)]
   907 | D:1      | Reached XP level 3. HP: 2/26 MP: 6/6
  1236 | D:1      | Learned a level 3 spell: Spider Form
  1239 | D:1      | Learned a level 2 spell: Sticks to Snakes
  1747 | D:2      | Found a glowing golden altar of the Shining One.
  1754 | D:2      | Reached skill level 5 in Transmutations
  1797 | D:2      | Found a hazy altar of Hepliaklqana.
  2086 | D:2      | Reached XP level 4. HP: 31/32 MP: 3/7
  2817 | D:3      | Reached XP level 5. HP: 28/37 MP: 5/9
  3273 | D:3      | Noticed tmwh's ghost (weakling MfTm)
  3586 | D:3      | Killed tmwh's ghost
  3586 | D:3      | Reached XP level 6. HP: 15/43 MP: 9/12
  4081 | D:4      | Reached skill level 5 in Spellcasting
  4087 | D:4      | Noticed Laan's ghost (amateur NaFE)
  4099 | D:3      | Learned a level 5 spell: Blade Hands
  4482 | D:4      | Slain by a killer bee

Vault maps used:
D:1:      mushboom_english_gardens
D:2:      old_standard_altar, lemuel_doored_altar, first_ration
D:3:      uniq_crazy_yiuf_cottage
D:4:      temple_hall, lemuel_angel_altar

Skill      XL: |  1  2  3  4  5  6 |
---------------+-------------------+-----
Transmutations | 3 4 5 |  5.3
Spellcasting   | 3 4 5 |  5.0
Unarmed Combat | 4 |  4.3
Fighting       | |  1.1
Dodging        | |  2.6
Stealth        | |  0.1
Poison Magic   | |  0.5

Action                   |  1- 3 |  4- 6 || total
-------------------------+-------+-------++-------
Melee: Unarmed           |   118 |   153 ||   271
       Headbutt          |    11 |    10 ||    21
       Punch             |       |     1 ||     1
 Cast: Beastly Appendage |    17 |    13 ||    30
       Spider Form       |     7 |    12 ||    19
  Use: Scroll            |     1 |     4 ||     5
       Potion            |       |     3 ||     3
 Stab: Sleeping          |     1 |       ||     1
  Eat: Chunk             |     2 |     1 ||     3
       Ration            |     1 |     3 ||     4
Armor: Robe              |    14 |    14 ||    28
       Skin              |     1 |     2 ||     3
Dodge: Dodged            |    91 |   139 ||   230

Table legend:
 A = Spawn XP
 B = Non-spawn XP
 C = Spawn XP percentage of total XP
 D = Spawn monster count
 E = Non-spawn monster count
 F = Spawn count percentage of total count
 G = Total turns spent on level
                    A         B        C        D         E        F      G
               +---------+---------+-------+---------+---------+-------+---------
         Total |       0 |     570 |   0.0 |       0 |      85 |   0.0 |  4482
               +---------+---------+-------+---------+---------+-------+---------
           D:1 |       0 |      41 |   0.0 |       0 |      20 |   0.0 |  1437
           D:2 |       0 |      53 |   0.0 |       0 |      21 |   0.0 |  1655
           D:3 |       0 |     278 |   0.0 |       0 |      39 |   0.0 |  1247
           D:4 |       0 |     198 |   0.0 |       0 |       5 |   0.0 |   143
               +---------+---------+-------+---------+---------+-------+---------
